 Dungeon Crawl Stone Soup version 0.25.1-2-g60ff931df9 (webtiles) character file.

Game seed: 11187308656996930787

53 DildoBatman the Conjurer (level 4, 0/30 HPs)
             Began as a Formicid Wizard on Aug 10, 2020.
             Succumbed to a worker ant's poison
             ... on level 4 of the Dungeon.
             The game lasted 00:03:53 (1220 turns).

DildoBatman the Conjurer (Formicid Wizard)          Turns: 1220, Time: 00:03:54

Health: 0/30       AC:  2    Str: 12    XL:     4   Next: 11%
Magic:  3/8        EV: 12    Int: 18    God:
Gold:   28         SH:  0    Dex:  9    Spells: 2/9 levels left

rFire    . . .     SeeInvis +   f - -2 dagger (curse)
rCold    . . .     Gourm    .   (no shield)
rNeg     . . .     Faith    .   a - +0 robe
rPois    .         Spirit   .   (helmet unavailable)
rElec    .         Reflect  .   (no cloak)
rCorr    .         Harm     .   (no gloves)
MR       .....                  (no boots)
Stlth    ++........             (no amulet)
HPRegen  0.10/turn              (no ring)
MPRegen  0.11/turn              (no ring)

@: mighty, brilliant, lethally poisoned (0 -> -2), stab, very slightly
contaminated
A: permanent stasis, dig shafts and tunnels, four strong arms, antennae 3
a: Dig, Shaft Self


You were on level 4 of the Dungeon.
You were not hungry.

You visited 1 branch of the dungeon, and saw 3 of its levels.

You collected 28 gold pieces.

Inventory:

Hand Weapons
 d - a +0 club
 f - a cursed -2 dagger (weapon)
 m - a +0 short sword
Missiles
 b - 19 sling bullets
 j - 41 stones (quivered)
 o - 22 arrows
Armour
 a - a +0 robe (worn)
Scrolls
 c - a scroll of magic mapping
 e - 2 scrolls of remove curse {unknown}
 i - a scroll of enchant weapon {unknown}
 k - a scroll of immolation {unknown}
 p - a scroll of amnesia {unknown}
Potions
 g - a potion of brilliance
Comestibles
 n - 3 chunks of flesh
 v - 2 rations


   Skills:
 - Level 1.7 Dodging
 - Level 2.4 Stealth
 - Level 3.2 Spellcasting
 * Level 3.3 Conjurations
   Level 1.0 Summonings
   Level 0.8 Translocations


You had 2 spell levels left.
You knew the following spells:

 Your Spells              Type           Power        Failure   Level  Hunger
a - Conjure Flame         Conj/Fire      ##......     24%         3    None
c - Magic Dart            Conj           ###.         4%          1    None
e - Mephitic Cloud        Conj/Pois/Air  ##......     30%         3    None

Your spell library contained the following spells:

 Spells                   Type           Power        Failure   Level  Hunger
 Call Imp                 Summ           #.......     16%         2    None
 Slow                     Hex            #.......     24%         2    None
 Blink                    Tloc           Unusable     N/A         2    N/A

Dungeon Overview and Level Annotations

Branches:
Dungeon (2/15)

Altars:
Zin


Innate Abilities, Weirdness & Mutations

You cannot be hasted, slowed, berserked, paralysed or teleported.
You can dig through walls and to a lower floor.
Your four strong arms can wield two-handed weapons with a shield.
You have a pair of large antennae on your head. (SInv)


Message History

You feel sick.
It was a potion of brilliance.
You feel clever all of a sudden.
You feel sick.
There is a lethal amount of poison in your body!
There is a lethal amount of poison in your body!
You feel sick.
You feel sick.
You feel sick.
You extend your mandibles.
You dig through the rock wall.
You retract your mandibles.
You feel sick.
You feel sick.
You feel sick.
You feel sick.
You feel sick.
Found a runed chain mail.
Found a stone staircase leading down.
You die...

#.#..#..# #.##÷.#.# *********
#.###..## *,,,,,,,* #.##.#..#
*,,,,,,>* #.#..†#.# *,,,,,,,*
#######.#.#...# *,,,.,,,*
#.......##.#.##
******,,,...[#####........##_##
,,,,,,,,,.......@..........###
*****,,**#>..###############
*,,,,.,,,,,* ******,,,,*{*,****
*,,,,,,****,*,,,,** *,****,*
*,****,,* ,,* **,* *,* **,* ***
*,,* *,****,,***** * **,**
*,**,,,,,,,,*


There were no monsters in sight!

Vanquished Creatures
  A worker ant (D:4)
  A dart slug (D:1)
  A leopard gecko (D:1)
  A ball python (D:4)
  3 bats (D:1)
  4 hobgoblins (D:1)
  2 frilled lizards (D:1)
  8 goblins (D:1)
  A kobold (D:1)
  3 rats (D:1)
25 creatures vanquished.

Notes
Turn   | Place    | Note
-------+----------+-------------------------------------------
     0 | D:1      | DildoBatman the Formicid Wizard began the quest for the
                  | Orb.
     0 | D:1      | Reached XP level 1. HP: 13/13 MP: 4/4
    51 | D:1      | Reached skill level 1 in Conjurations
   171 | D:1      | Reached XP level 2. HP: 19/19 MP: 0/6
   717 | D:1      | Reached XP level 3. HP: 24/24 MP: 5/7
   722 | D:1      | Learned a level 3 spell: Conjure Flame
   726 | D:1      | Learned a level 3 spell: Mephitic Cloud
  1146 | D:2      | You fall into a shaft and drop 2 floors!
  1160 | D:4      | Found a glowing silver altar of Zin.
  1199 | D:4      | Reached XP level 4. HP: 9/30 MP: 1/8
  1213 | D:4      | HP: 1/30 [poisoned by a worker ant]
  1220 | D:4      | Succumbed to a worker ant's poison

Illustrated notes

Levels and vault maps discovered:
D:1:      dpeg_arrival_connections, layout_loops_ring
D:2:      layout_loops_ring, first_ration
D:4:      layout_rooms, lemuel_crystal_altar, marbit_many_paths,
          overflow_temple_1_default, serial_glass, glass_columns_b,
          glass_columns_a, serial_shops, nicolae_shop_stone,
          nicolae_shop_statue_plus, guppyfry_shop_venom

Skill      XL: |  1  2  3 |
---------------+----------+-----
Conjurations   | 1 2 3 |  3.3
Dodging        | |  1.7
Stealth        | |  2.4
Spellcasting   | |  3.2
Summonings     | |  1.0
Translocations | |  0.8

Action                   |  1- 3 |  4- 6 || total
-------------------------+-------+-------++-------
Melee: Club              |     7 |       ||     7
       Dagger            |     3 |       ||     3
 Cast: Magic Dart        |    59 |       ||    59
 Abil: Dig               |     1 |     1 ||     2
  Use: Potion            |     2 |     1 ||     3
       Scroll            |     1 |       ||     1
  Eat: Chunk             |     1 |       ||     1
Armor: Robe              |     7 |       ||     7
Dodge: Dodged            |    35 |       ||    35
